 Dungeon Crawl Stone Soup version 0.28-a0-1128-gb845255321 (webtiles) character file.

Game seed: 9079085418780036069

152 ChaosChampion the Distorting Demonspawn (level 5, 0/42 HPs)
             Began as a Demonspawn Abyssal Knight on Dec 12, 2021.
             Was a Believer of Lugonu.
             Slain by Sigmund (7 damage)
             ... on level 3 of the Dungeon.
             The game lasted 00:03:41 (3915 turns).

ChaosChampion the Distorting Demonspawn (DsAK)      Turns: 3915, Time: 00:03:42

Health: 0/42       AC:  4    Str: 15    XL:     5   Next: 11%
Magic:  8/8        EV: 11    Int: 12    God:    Lugonu [**....]
Gold:   96         SH:  0    Dex: 13    Spells: 4/4 levels left

rFire   . . .      SeeInvis .   m - +2 dagger (venom)
rCold   . . .      Faith    +   (no shield)
rNeg    . . .      Spirit   .   b - +0 leather armour
rPois   .          Reflect  .   (no helmet)
rElec   .          Harm     .   (no cloak)
rCorr   .          Rampage  .   g - +0 pair of gloves
Will    .....                   (no boots)
Stlth   +.........              c - amulet of faith
HPRegen 0.14/turn               (no ring)
MPRegen 0.22/turn               (no ring)

@: confused
A: claws 1, magic regeneration, condensation shield
a: Renounce Religion, Depart the Abyss, Bend Space


You were on level 3 of the Dungeon.
You worshipped Lugonu.
Lugonu was pleased with you.
You visited 1 branch of the dungeon, and saw 3 of its levels.
You visited the Abyss 1 time.

You collected 96 gold pieces.

Inventory:

Hand Weapons
 a - a +1 hand axe
 m - a +2 dagger of venom (weapon)
Armour
 b - a +0 leather armour (worn)
 g - a +0 pair of gloves (worn)
Jewellery
 c - an amulet of faith (around neck)
Scrolls
 d - a scroll of fear {unknown}
 f - 2 scrolls of identify
 i - 2 scrolls of teleportation {unknown}
 j - a scroll of magic mapping {unknown}
 p - a scroll of noise {unknown}
Potions
 e - a potion of degeneration {unknown}
 h - a potion of ambrosia {unknown}
 k - 2 potions of haste
 l - a potion of mutation {unknown}
 n - a potion of might {unknown}
 o - 3 potions of resistance {unknown}


   Skills:
 + Level 4.1 Fighting
 + Level 3.1 Axes
 - Level 1.7 Armour
 - Level 0.8 Dodging
 + Level 4.4 Invocations


You had 4 spell levels left.
You didn't know any spells.
Your spell library was empty.

Dungeon Overview and Level Annotations

Branches:
Dungeon (3/15)

Altars:
Dithmenos
Vehumet

Annotations:
D:3 Sigmund


Innate Abilities, Weirdness & Mutations

You have sharp fingernails.
You regenerate magic rapidly.
A meltable shield of frost defends you. (SH +4)


Message History

You feel less confused.
Sigmund says, "Look into my eyes."
Sigmund misses you.
Sigmund is nearby!
Sigmund hits you from afar with a +0 scythe!
You hit Sigmund.
Sigmund is lightly wounded.
Sigmund hits you with a +0 scythe!
* * * LOW HITPOINT WARNING * * *
You barely miss Sigmund.
Sigmund is lightly wounded.
Sigmund barely misses you. Space bends around you!
You blink.
Found 2 fizzy dark potions.
As you read the scroll labelled DIOMYR ANAADU, it crumbles to dust.
It is a scroll of identify.
k - 2 potions of haste Sigmund gestures at you while chanting.
You resist with some effort.
Sigmund points at you and mumbles some strange words.
You resist with some effort. Sigmund gestures at you while chanting.
The puff of flame misses you. Sigmund casts a spell at you.
You are confused.
You bump into the rock wall.
You're too confused to move!
Sigmund casts a spell at you.
You are more confused.
You bump into the rock wall.
You bump into the rock wall.
Sigmund points at you and mumbles some strange words.
The magic dart hits you.
* * * LOW HITPOINT WARNING * * *
You bump into the rock wall.
Sigmund misses you.
You bump into the rock wall.
Sigmund barely misses you. Sigmund hits you with a +0 scythe!
You die...

#.## ##.#
##.###.##
##.#.## ##.#
#.# #@# #. #.#
..
#############.#
##
...!....@@....#
###############
# . #


You could see Sigmund.

Vanquished Creatures
  A centaur zombie (D:3)
  Jessica (D:3)
  4 adders
  2 dart slugs
  6 ball pythons
  5 endoplasms
  A giant cockroach (D:3)
  5 hobgoblins (D:1)
  6 jackals (D:2)
  2 quokkas (D:1)
  5 bats
  3 frilled lizards
  3 goblins
  3 kobolds
  4 rats
51 creatures vanquished.

Vanquished Creatures (others)
  22 plants (D:3)
22 creatures vanquished.

Grand Total: 73 creatures vanquished

Notes
Turn   | Place    | Note
-------+----------+-------------------------------------------
     0 | Abyss:1  | ChaosChampion the Demonspawn Abyssal Knight began the quest
                  | for the Orb.
     0 | Abyss:1  | Reached XP level 1. HP: 18/18 MP: 2/2
    23 | D:1      | Escaped the Abyss
   300 | D:1      | Gained mutation: You regenerate magic rapidly. [demonic
                  | ancestry]
   300 | D:1      | Reached XP level 2. HP: 23/24 MP: 4/4
   982 | D:1      | Reached ** piety under Lugonu
  1021 | D:1      | Gained mutation: A meltable shield of frost defends you.
                  | (SH +4) [demonic ancestry]
  1021 | D:1      | Reached XP level 3. HP: 24/29 MP: 5/5
  2594 | D:3      | Reached XP level 4. HP: 23/37 MP: 5/7
  3058 | D:3      | Noticed Jessica
  3070 | D:3      | Killed Jessica
  3320 | D:3      | Found a shadowy altar of Dithmenos.
  3330 | D:3      | Gained mutation: You have sharp fingernails. [demonic
                  | ancestry]
  3330 | D:3      | Reached XP level 5. HP: 33/42 MP: 8/8
  3419 | D:3      | Found a radiant altar of Vehumet.
  3873 | D:3      | Noticed Sigmund
  3915 | D:3      | Slain by Sigmund

Illustrated notes

Levels and vault maps discovered:
D:1:      scummos_arrival_forest, layout_loops_cross
D:2:      layout_basic
D:3:      kennysheep_big_flooded_room, layout_loops_ring,
          mainiacjoe_overflow_two_lobes, nicolae_concentric_dashed_squares_wild,
          serial_bayou_lake_a, uniq_sigmund, uniq_jessica

Skill      XL: |  1  2  3  4 |
---------------+-------------+-----
Axes           | 2 3 |  3.1
Invocations    | 3 4 |  4.4
Fighting       | 4 |  4.1
Armour         | |  1.7
Dodging        | |  0.8

Action                   |  1- 3 |  4- 6 || total
-------------------------+-------+-------++-------
Melee: Hand axe          |    86 |       ||    86
       Dagger            |    49 |    53 ||   102
Invok: Bend Space        |       |     1 ||     1
  Use: Scroll            |       |     1 ||     1
 Stab: Sleeping          |     2 |       ||     2
Armor: Leather armour    |    47 |    13 ||    60
Dodge: Dodged            |    87 |    28 ||   115
Block: Other             |    14 |     9 ||    23

Table legend: (Time is in decaauts)
 A = Elapsed time spent in this place.
 B = Non-inter-level travel time spent in this place.
 C = Inter-level travel time spent in this place.
 D = Time resting spent in this place.
 E = Time spent auto-exploring this place.
 F = Levels seen in this place.
 G = Mean time per level.
                   A        B        C        D        E       F      G
               +--------+--------+--------+--------+--------+-----+--------+
         Total |   3950 |   3898 |     52 |    648 |   2703 |   4 |  987.5 |
       Dungeon |   3927 |   3875 |     52 |    648 |   2703 |   3 | 1309.0 |
         Abyss |     23 |     23 |      0 |      0 |      0 |   1 |   23.0 |
               +--------+--------+--------+--------+--------+-----+--------+

Top non-repeatable levels by time:
     D:3: 1547 daAuts
     D:1: 1284 daAuts
     D:2: 1095 daAuts
 Abyss:1: 23 daAuts
